[Event "International Championship of Central S"]
[Site "Paracin"]
[Date "2014.07.11"]
[Round "9.1"]
[White "Rapport, Richard"]
[Black "Blagojevic, Dragisa"]
[Result "1-0"]
[ECO "C54"]
[WhiteElo "2701"]
[BlackElo "2505"]
[PlyCount "55"]
[EventDate "2014.??.??"]
[TimeControl "6000+1540"]
[WhiteClock "0:16:45"]
[BlackClock "0:05:31"]

1. e4 e5 2. Nf3 Nc6 3. Bc4 Bc5 4. c3 Nf6 5. d3 O-O 6. Nbd2 d5 7. exd5 Nxd5 8.
Ne4 Be7 9. O-O Nb6 10. Bb3 Bf5 11. a4 a5 12. Be3 Nd5 13. Bc4 Nxe3 14. fxe3 Bxe4
15. dxe4 Bc5 16. Qe2 Qe7 17. h4 Nd8 18. Rad1 Bd6 19. Ng5 h6 20. Qg4 hxg5 21.
hxg5 Bc5 22. Rf3 Ne6 23. g6 Ra6 24. b4 axb4 25. cxb4 Ba7 26. b5 Bxe3+ 27. Rxe3
Qc5 28. Qh3 1-0

[Event "International Championship of Central S"]
[Site "Paracin"]
[Date "2014.07.11"]
[Round "9.2"]
[White "Chandra, Akshat"]
[Black "Abramovic, Bosko"]
[Result "1-0"]
[ECO "C79"]
[WhiteElo "2442"]
[BlackElo "2443"]
[PlyCount "89"]
[EventDate "2014.??.??"]
[TimeControl "6000+845"]
[WhiteClock "0:04:34"]
[BlackClock "0:00:33"]

1. e4 e5 2. Nf3 Nc6 3. Bb5 a6 4. Ba4 d6 5. O-O Nf6 6. Re1 Bd7 7. c3 g6 8. d4 b5
9. Bb3 Bg7 10. Nbd2 O-O 11. a3 Re8 12. h3 Qb8 13. Ba2 Nd8 14. b4 Be6 15. Bxe6
Nxe6 16. d5 Nd8 17. Nb3 c6 18. Bg5 cxd5 19. Bxf6 Bxf6 20. Qxd5 Ne6 21. g3 Bd8
22. Red1 Bc7 23. a4 h5 24. Ra2 a5 25. axb5 axb4 26. Rxa8 Qxa8 27. Ra1 Qb8 28.
cxb4 Bb6 29. Na5 Qd8 30. Nc4 Qf6 31. Kg2 Bd4 32. Ra8 Rxa8 33. Qxa8+ Kh7 34. b6
g5 35. Qa2 g4 36. hxg4 hxg4 37. Nh4 Nf4+ 38. Kf1 Nd3 39. b7 Nxb4 40. Qe2 Nc6
41. Ne3 Bxe3 42. Qxe3 Qe6 43. Nf5 Nb8 44. Qg5 Qg6 45. Qh4+ 1-0

[Event "International Championship of Central S"]
[Site "Paracin"]
[Date "2014.07.11"]
[Round "9.3"]
[White "Drenchev, Petar"]
[Black "Atalik, Suat"]
[Result "1-0"]
[ECO "A56"]
[WhiteElo "2511"]
[BlackElo "2550"]
[PlyCount "209"]
[EventDate "2014.??.??"]
[TimeControl "6000+2030"]
[WhiteClock "0:01:18"]
[BlackClock "0:03:13"]

1. d4 Nf6 2. c4 c5 3. d5 g6 4. Nc3 Bg7 5. e4 O-O 6. Nf3 e6 7. Nd2 exd5 8. cxd5
d6 9. Be2 Nbd7 10. O-O Re8 11. a4 a6 12. Ra3 Rb8 13. a5 Ne5 14. Qc2 g5 15. Re1
h6 16. Nf1 Ng6 17. Ne3 Bd7 18. Bd2 Qe7 19. Nc4 Nh7 20. Bf1 g4 21. Nb6 Rbd8 22.
Nxd7 Rxd7 23. Na4 Qh4 24. Bc3 Be5 25. g3 Qh5 26. h4 Bxc3 27. Rxc3 f5 28. b4
cxb4 29. Rc8 Ne5 30. Bg2 Nf6 31. exf5 b3 32. Qc3 Qxf5 33. Rxe8+ Nxe8 34. Qxb3
Rc7 35. Qe3 Qf6 36. Nb6 Kf7 37. Qe4 Ng7 38. Rb1 Nf5 39. Kh1 Kg7 40. Rd1 h5 41.
Qf4 Ne7 42. Qe3 Rc5 43. Qd2 Qf5 44. Rf1 N7g6 45. Qb2 Rc2 46. Qd4 Qf6 47. Be4
Ra2 48. Kg2 Rxa5 49. Rc1 Nf7 50. Qxf6+ Kxf6 51. Nd7+ Kg7 52. Rc7 Nf8 53. Rxb7
Nxd7 54. Rxd7 Ra2 55. Kf1 Kf6 56. f4 gxf3 57. Bxf3 Ne5 58. Rxd6+ Kf5 59. Bxh5
a5 60. Be2 a4 61. h5 Nf7 62. Ra6 a3 63. h6 Ra1+ 64. Kf2 Rh1 65. h7 Rh2+ 66. Ke3
Ke5 67. Rxa3 Rxh7 68. Bf3 Nd6 69. Kf2 Nc4 70. Rd3 Rh2+ 71. Bg2 Kd6 72. Rd4 Nb6
73. g4 Rh8 74. Kg3 Rg8 75. Rf4 Nd7 76. Bf3 Ne5 77. Rf6+ Kc5 78. Rf5 Nc4 79. Kf4
Nd6 80. Rf6 Ne8 81. Rc6+ Kd4 82. g5 Ng7 83. Kg4 Ne8 84. d6 Rg7 85. Kh5 Rh7+ 86.
Kg6 Rd7 87. Kf5 Rxd6 88. Rxd6+ Nxd6+ 89. Ke6 Ne8 90. g6 Ke3 91. Bc6 Ng7+ 92.
Kf6 Nh5+ 93. Ke5 Kf2 94. Kf5 Kg3 95. Ba4 Kh4 96. Bd1 Ng7+ 97. Kf6 Ne8+ 98. Kf7
Nd6+ 99. Ke7 Nf5+ 100. Kf6 Nd6 101. Ba4 Ne4+ 102. Kf7 Nd6+ 103. Ke6 Ne4 104. g7
Ng5+ 105. Ke7 1-0

[Event "International Championship of Central S"]
[Site "Paracin"]
[Date "2014.07.11"]
[Round "9.4"]
[White "Markus, Robert"]
[Black "Nestorovic, Dejan"]
[Result "1-0"]
[ECO "E11"]
[WhiteElo "2607"]
[BlackElo "2408"]
[PlyCount "109"]
[EventDate "2014.??.??"]
[TimeControl "6000+795"]
[WhiteClock "0:05:19"]
[BlackClock "0:01:03"]

1. d4 Nf6 2. c4 e6 3. Nf3 Bb4+ 4. Bd2 a5 5. g3 b6 6. Bg2 Bb7 7. O-O O-O 8. Bf4
Be7 9. Nc3 Ne4 10. Qc2 Nxc3 11. Qxc3 d6 12. Qd3 h6 13. e4 Nd7 14. Rad1 Qb8 15.
Rfe1 Ba6 16. Qc2 c6 17. d5 cxd5 18. exd5 e5 19. Nd4 Bf6 20. Nc6 Qc7 21. Be3
Rfe8 22. h4 Nc5 23. a3 Bb7 24. b4 axb4 25. axb4 Ne6 26. Qe4 Nf8 27. Ra1 Rxa1
28. Rxa1 Ra8 29. Qb1 Rxa1 30. Qxa1 Bxc6 31. dxc6 Bd8 32. Bd5 Ng6 33. Qd1 Ne7
34. Qf3 Nxd5 35. cxd5 Qc8 36. Kg2 Bc7 37. Qh5 Kf8 38. Qe2 Kg8 39. Qf3 Kf8 40.
g4 Kg8 41. g5 hxg5 42. Bxg5 g6 43. Bf6 Kh7 44. h5 Qf5 45. Qxf5 gxf5 46. Kh3 b5
47. Kh4 Kh6 48. Be7 f4 49. Kg4 Kg7 50. f3 Kh6 51. Bg5+ Kg7 52. Kf5 Bb6 53. Bf6+
Kh6 54. Bxe5 Bc7 55. Bxf4+ 1-0

[Event "International Championship of Central S"]
[Site "Paracin"]
[Date "2014.07.11"]
[Round "9.5"]
[White "Damljanovic, Branko"]
[Black "Zajic, Milan"]
[Result "0-1"]
[ECO "B10"]
[WhiteElo "2562"]
[BlackElo "2415"]
[PlyCount "58"]
[EventDate "2014.??.??"]
[TimeControl "6000+780"]
[WhiteClock "0:21:46"]
[BlackClock "0:30:35"]

1. c4 c6 2. e4 d5 3. exd5 cxd5 4. cxd5 Nf6 5. Nc3 Nxd5 6. Nf3 e6 7. d4 Bb4 8.
Bd2 Nc6 9. Bd3 O-O 10. O-O Be7 11. a3 Bf6 12. Be3 Nce7 13. Ne4 b6 14. Nxf6+
Nxf6 15. Bg5 Bb7 16. Re1 Rc8 17. Bxf6 gxf6 18. Be4 Bd5 19. Qd2 Kg7 20. h4 Bxe4
21. Rxe4 Qd5 22. Rae1 Ng6 23. R4e3 Rc6 24. Rc1 Rfc8 25. Rcc3 Qf5 26. Nh2 h5 27.
Nf1 Nxh4 28. Rh3 Rxc3 29. bxc3 Qxh3 0-1

[Event "International Championship of Central S"]
[Site "Paracin"]
[Date "2014.07.11"]
[Round "9.6"]
[White "Nestorovic, Nikola"]
[Black "Kosic, Dragan"]
[Result "1/2-1/2"]
[ECO "C14"]
[WhiteElo "2439"]
[BlackElo "2493"]
[PlyCount "95"]
[EventDate "2014.??.??"]
[TimeControl "6000+1575"]
[WhiteClock "0:01:40"]
[BlackClock "0:01:48"]

1. e4 e6 2. d4 d5 3. Nc3 Nf6 4. Bg5 Be7 5. e5 Nfd7 6. Bxe7 Qxe7 7. f4 O-O 8.
Nf3 c5 9. Qd2 Nc6 10. dxc5 Nxc5 11. Bd3 f6 12. exf6 Qxf6 13. g3 Bd7 14. Ng5
Nxd3+ 15. Qxd3 Qf5 16. Qxf5 Rxf5 17. O-O-O Rd8 18. Rhe1 d4 19. Nce4 Rd5 20. Nf3
e5 21. c4 Ra5 22. Nxe5 Rxa2 23. Nxd7 Rxd7 24. Nc5 Rc7 25. Kb1 Ra5 26. Nd3 Rh5
27. Re2 a5 28. Rde1 h6 29. h4 Rf5 30. Re8+ Rf8 31. h5 Rxe8 32. Rxe8+ Kf7 33.
Re4 g6 34. hxg6+ Kxg6 35. g4 Kf6 36. Nc5 Rg7 37. Re6+ Kf7 38. Rxh6 Rxg4 39. Kc2
Rxf4 40. Nxb7 Rf2+ 41. Kb3 Ne5 42. Nxa5 Nd3 43. Rd6 Rxb2+ 44. Ka3 Rb1 45. Rxd4
Ra1+ 46. Kb3 Ne5 47. Rd5 Ke6 48. Kb4 {Kxd5} 1/2-1/2

[Event "International Championship of Central S"]
[Site "Paracin"]
[Date "2014.07.11"]
[Round "9.7"]
[White "Vucinic, Gojko"]
[Black "Vojinovic, Goran"]
[Result "0-1"]
[ECO "B48"]
[WhiteElo "2313"]
[BlackElo "2460"]
[PlyCount "84"]
[EventDate "2014.??.??"]
[TimeControl "6000+1375"]
[WhiteClock "0:13:04"]
[BlackClock "0:54:52"]

1. e4 c5 2. Nf3 Nc6 3. d4 cxd4 4. Nxd4 Qc7 5. Nc3 e6 6. Be3 a6 7. Qd2 Nf6 8.
O-O-O Bb4 9. f3 Ne7 10. Nb3 Bxc3 11. Qxc3 Qxc3 12. bxc3 d5 13. exd5 Nexd5 14.
Bd4 Bd7 15. Na5 b5 16. c4 bxc4 17. Bxc4 O-O 18. Bxd5 Nxd5 19. c4 Rfc8 20. Kd2
Ne7 21. Rb1 Be8 22. Rb7 Nf5 23. Bf2 f6 24. Rhb1 e5 25. R1b6 Kf8 26. Kc3 Ne7 27.
Rd6 h5 28. Rbb6 Nf5 29. Rxf6+ gxf6 30. Rxf6+ Ke7 31. Rxf5 Ke6 32. Rg5 Bf7 33.
h4 Rg8 34. Rxg8 Rxg8 35. g3 Be8 36. Kd2 Kd6 37. Nb7+ Kc6 38. Nc5 a5 39. Ne4 Bf7
40. Kc3 Bg6 41. Ng5 Rd8 42. g4 Rd3+ 0-1